Workbook
Name Grades: Filières!$A$2:$A$13
Name GroupeFilière: Filières!$B$1:$E$1
Name InfoN: Employé!$A$1:$L$3001
Name InfoN1: 'EmployéN-1'!$A$1:$J$3001
Name MatriceGrade: Filières!$A$1:$E$13
Name Segment_Filière: #N/A
Name Segment_Grade: #N/A
Name Segment_Sexe: #N/A
Name Sexe: Filières!$A$17:$A$18

Sheet Employé
A1: ID MOI | B1: ID | C1: Prénom | D1: Nom | E1: Sexe | F1: Date de naissance | G1: Grade | H1: Filière | I1: Salaire Brut annuel | J1: Prime année en cours | K1: Ancienneté | L1: Poste | M1: Salaire N-1 | N1: Age | O1: % augmentation
A2: =_xlfn.CONCAT(LEFT(C2,3),LEFT(D2,2),F2) -> DexAb30865 | B2: =_xlfn.CONCAT(C2,D2,F2) -> DexterAbbott30865 | C2: Dexter | D2: Abbott | E2: H | F2: 30865 | G2: G9 | H2: Business | I2: 70900 | J2: 3500 | K2: 9 | L2: =INDEX(MatriceGrade,MATCH(Employé!G2,Filières!$A$1:$A$13,0),MATCH(Employé!H2,Filières!$A$1:$E$1,0)) -> Directeur business | M2: =IF(ISERROR(VLOOKUP(A2,InfoN1,9,FALSE)),"nouvel arrivant",VLOOKUP(A2,InfoN1,9,FALSE)) -> 67500 | N2: =IF(DATE(2017,MONTH(F2),DAY(F2))>TODAY(),2017-YEAR(F2)-1,2017-YEAR(F2)) -> 33 | O2: =IF(ISNUMBER(M2),(I2-M2)/M2,0) -> 0.05037037
A3: =_xlfn.CONCAT(LEFT(C3,3),LEFT(D3,2),F3) -> RobAb26030 | B3: =_xlfn.CONCAT(C3,D3,F3) -> RobertAbernethy26030 | C3: Robert | D3: Abernethy | E3: H | F3: 26030 | G3: G9 | H3: Fonctions transverses | I3: 70500 | J3: 2000 | K3: 19 | L3: =INDEX(MatriceGrade,MATCH(Employé!G3,Filières!$A$1:$A$13,0),MATCH(Employé!H3,Filières!$A$1:$E$1,0)) -> Directeur d'agence | M3: =IF(ISERROR(VLOOKUP(A3,InfoN1,9,FALSE)),"nouvel arrivant",VLOOKUP(A3,InfoN1,9,FALSE)) -> 68400 | N3: =IF(DATE(2017,MONTH(F3),DAY(F3))>TODAY(),2017-YEAR(F3)-1,2017-YEAR(F3)) -> 46 | O3: =IF(ISNUMBER(M3),(I3-M3)/M3,0) -> 0.030701754
A4: =_xlfn.CONCAT(LEFT(C4,3),LEFT(D4,2),F4) -> AndAc25170 | B4: =_xlfn.CONCAT(C4,D4,F4) -> AndrewAceves25170 | C4: Andrew | D4: Aceves | E4: H | F4: 25170 | G4: G9 | H4: Business | I4: 100200 | J4: 3500 | K4: 21 | L4: =INDEX(MatriceGrade,MATCH(Employé!G4,Filières!$A$1:$A$13,0),MATCH(Employé!H4,Filières!$A$1:$E$1,0)) -> Directeur business | M4: =IF(ISERROR(VLOOKUP(A4,InfoN1,9,FALSE)),"nouvel arrivant",VLOOKUP(A4,InfoN1,9,FALSE)) -> 96300 | N4: =IF(DATE(2017,MONTH(F4),DAY(F4))>TODAY(),2017-YEAR(F4)-1,2017-YEAR(F4)) -> 48 | O4: =IF(ISNUMBER(M4),(I4-M4)/M4,0) -> 0.040498442
A5: =_xlfn.CONCAT(LEFT(C5,3),LEFT(D5,2),F5) -> MikAc28825 | B5: =_xlfn.CONCAT(C5,D5,F5) -> MikeAcker28825 | C5: Mike | D5: Acker | E5: H | F5: 28825 | G5: G7 | H5: Business | I5: 55100 | J5: 2500 | K5: 3 | L5: =INDEX(MatriceGrade,MATCH(Employé!G5,Filières!$A$1:$A$13,0),MATCH(Employé!H5,Filières!$A$1:$E$1,0)) -> Consultant business sénior | M5: =IF(ISERROR(VLOOKUP(A5,InfoN1,9,FALSE)),"nouvel arrivant",VLOOKUP(A5,InfoN1,9,FALSE)) -> 51500 | N5: =IF(DATE(2017,MONTH(F5),DAY(F5))>TODAY(),2017-YEAR(F5)-1,2017-YEAR(F5)) -> 38 | O5: =IF(ISNUMBER(M5),(I5-M5)/M5,0) -> 0.069902913
A6: =_xlfn.CONCAT(LEFT(C6,3),LEFT(D6,2),F6) -> BruAc27579 | B6: =_xlfn.CONCAT(C6,D6,F6) -> BruceAcosta27579 | C6: Bruce | D6: Acosta | E6: H | F6: 27579 | G6: G7 | H6: Fonctionnel | I6: 60300 | J6: 2500 | K6: 1 | L6: =INDEX(MatriceGrade,MATCH(Employé!G6,Filières!$A$1:$A$13,0),MATCH(Employé!H6,Filières!$A$1:$E$1,0)) -> Consultant fonctionnel sénior | M6: =IF(ISERROR(VLOOKUP(A6,InfoN1,9,FALSE)),"nouvel arrivant",VLOOKUP(A6,InfoN1,9,FALSE)) -> 54300 | N6: =IF(DATE(2017,MONTH(F6),DAY(F6))>TODAY(),2017-YEAR(F6)-1,2017-YEAR(F6)) -> 42 | O6: =IF(ISNUMBER(M6),(I6-M6)/M6,0) -> 0.11049724
A7: =_xlfn.CONCAT(LEFT(C7,3),LEFT(D7,2),F7) -> JohAd28781 | B7: =_xlfn.CONCAT(C7,D7,F7) -> JohnAdair28781 | C7: John | D7: Adair | E7: H | F7: 28781 | G7: G9 | H7: Fonctions transverses | I7: 71500 | J7: 6500 | K7: 5 | L7: =INDEX(MatriceGrade,MATCH(Employé!G7,Filières!$A$1:$A$13,0),MATCH(Employé!H7,Filières!$A$1:$E$1,0)) -> Directeur d'agence | M7: =IF(ISERROR(VLOOKUP(A7,InfoN1,9,FALSE)),"nouvel arrivant",VLOOKUP(A7,InfoN1,9,FALSE)) -> 70800 | N7: =IF(DATE(2017,MONTH(F7),DAY(F7))>TODAY(),2017-YEAR(F7)-1,2017-YEAR(F7)) -> 38 | O7: =IF(ISNUMBER(M7),(I7-M7)/M7,0) -> 0.0098870056
A8: =_xlfn.CONCAT(LEFT(C8,3),LEFT(D8,2),F8) -> BenAd31542 | B8: =_xlfn.CONCAT(C8,D8,F8) -> BenjaminAdams31542 | C8: Benjamin | D8: Adams | E8: H | F8: 31542 | G8: G5 | H8: Fonctionnel | I8: 50600 | J8: 500 | K8: 5 | L8: =INDEX(MatriceGrade,MATCH(Employé!G8,Filières!$A$1:$A$13,0),MATCH(Employé!H8,Filières!$A$1:$E$1,0)) -> Consultant fonctionnel junior | M8: =IF(ISERROR(VLOOKUP(A8,InfoN1,9,FALSE)),"nouvel arrivant",VLOOKUP(A8,InfoN1,9,FALSE)) -> 48700 | N8: =IF(DATE(2017,MONTH(F8),DAY(F8))>TODAY(),2017-YEAR(F8)-1,2017-YEAR(F8)) -> 31 | O8: =IF(ISNUMBER(M8),(I8-M8)/M8,0) -> 0.039014374
A9: =_xlfn.CONCAT(LEFT(C9,3),LEFT(D9,2),F9) -> DanAd29528 | B9: =_xlfn.CONCAT(C9,D9,F9) -> DanielAdams29528 | C9: Daniel | D9: Adams | E9: H | F9: 29528 | G9: G7 | H9: Technique | I9: 44700 | J9: 0 | K9: 12 | L9: =INDEX(MatriceGrade,MATCH(Employé!G9,Filières!$A$1:$A$13,0),MATCH(Employé!H9,Filières!$A$1:$E$1,0)) -> Consultant technique sénior | M9: =IF(ISERROR(VLOOKUP(A9,InfoN1,9,FALSE)),"nouvel arrivant",VLOOKUP(A9,InfoN1,9,FALSE)) -> 39600 | N9: =IF(DATE(2017,MONTH(F9),DAY(F9))>TODAY(),2017-YEAR(F9)-1,2017-YEAR(F9)) -> 36 | O9: =IF(ISNUMBER(M9),(I9-M9)/M9,0) -> 0.12878788
A10: =_xlfn.CONCAT(LEFT(C10,3),LEFT(D10,2),F10) -> LinAd23329 | B10: =_xlfn.CONCAT(C10,D10,F10) -> LindaAdams23329 | C10: Linda | D10: Adams | E10: F | F10: 23329 | G10: G11 | H10: Fonctionnel | I10: 96300 | J10: 10000 | K10: 9 | L10: =INDEX(MatriceGrade,MATCH(Employé!G10,Filières!$A$1:$A$13,0),MATCH(Employé!H10,Filières!$A$1:$E$1,0)) -> Associé filière fonctionnelle | M10: =IF(ISERROR(VLOOKUP(A10,InfoN1,9,FALSE)),"nouvel arrivant",VLOOKUP(A10,InfoN1,9,FALSE)) -> 89200 | N10: =IF(DATE(2017,MONTH(F10),DAY(F10))>TODAY(),2017-YEAR(F10)-1,2017-YEAR(F10)) -> 53 | O10: =IF(ISNUMBER(M10),(I10-M10)/M10,0) -> 0.079596413
A11: =_xlfn.CONCAT(LEFT(C11,3),LEFT(D11,2),F11) -> MilAd32418 | B11: =_xlfn.CONCAT(C11,D11,F11) -> MiltonAdams32418 | C11: Milton | D11: Adams | E11: H | F11: 32418 | G11: G4 | H11: Fonctions transverses | I11: 31300 | J11: 500 | K11: 2 | L11: =INDEX(MatriceGrade,MATCH(Employé!G11,Filières!$A$1:$A$13,0),MATCH(Employé!H11,Filières!$A$1:$E$1,0)) -> Agent expérimenté | M11: =IF(ISERROR(VLOOKUP(A11,InfoN1,9,FALSE)),"nouvel arrivant",VLOOKUP(A11,InfoN1,9,FALSE)) -> 29900 | N11: =IF(DATE(2017,MONTH(F11),DAY(F11))>TODAY(),2017-YEAR(F11)-1,2017-YEAR(F11)) -> 28 | O11: =IF(ISNUMBER(M11),(I11-M11)/M11,0) -> 0.046822742
A12: =_xlfn.CONCAT(LEFT(C12,3),LEFT(D12,2),F12) -> PatAd27349 | B12: =_xlfn.CONCAT(C12,D12,F12) -> PatriciaAdams27349 | C12: Patricia | D12: Adams | E12: F | F12: 27349 | G12: G10 | H12: Fonctionnel | I12: 87800 | J12: 2000 | K12: 19 | L12: =INDEX(MatriceGrade,MATCH(Employé!G12,Filières!$A$1:$A$13,0),MATCH(Employé!H12,Filières!$A$1:$E$1,0)) -> Responsable de Grands comptes | M12: =IF(ISERROR(VLOOKUP(A12,InfoN1,9,FALSE)),"nouvel arrivant",VLOOKUP(A12,InfoN1,9,FALSE)) -> 77500 | N12: =IF(DATE(2017,MONTH(F12),DAY(F12))>TODAY(),2017-YEAR(F12)-1,2017-YEAR(F12)) -> 42 | O12: =IF(ISNUMBER(M12),(I12-M12)/M12,0) -> 0.13290323
A13: =_xlfn.CONCAT(LEFT(C13,3),LEFT(D13,2),F13) -> PauAd25562 | B13: =_xlfn.CONCAT(C13,D13,F13) -> PaulAdams25562 | C13: Paul | D13: Adams | E13: H | F13: 25562 | G13: G10 | H13: Business | I13: 120600 | J13: 9000 | K13: 7 | L13: =INDEX(MatriceGrade,MATCH(Employé!G13,Filières!$A$1:$A$13,0),MATCH(Employé!H13,Filières!$A$1:$E$1,0)) -> Responsable secteur business | M13: =IF(ISERROR(VLOOKUP(A13,InfoN1,9,FALSE)),"nouvel arrivant",VLOOKUP(A13,InfoN1,9,FALSE)) -> 112700 | N13: =IF(DATE(2017,MONTH(F13),DAY(F13))>TODAY(),2017-YEAR(F13)-1,2017-YEAR(F13)) -> 47 | O13: =IF(ISNUMBER(M13),(I13-M13)/M13,0) -> 0.070097604
... A3001: =_xlfn.CONCAT(LEFT(C3001,3),LEFT(D3001,2),F3001) -> DonZi26582 | B3001: =_xlfn.CONCAT(C3001,D3001,F3001) -> DonaldZimmerman26582 | C3001: Donald | D3001: Zimmerman | E3001: H | F3001: 26582 | G3001: G8 | H3001: Business | I3001: 59200 | J3001: 3500 | K3001: 10 | L3001: =INDEX(MatriceGrade,MATCH(Employé!G3001,Filières!$A$1:$A$13,0),MATCH(Employé!H3001,Filières!$A$1:$E$1,0)) -> Responsable de consultant | M3001: =IF(ISERROR(VLOOKUP(A3001,InfoN1,9,FALSE)),"nouvel arrivant",VLOOKUP(A3001,InfoN1,9,FALSE)) -> 58600 | N3001: =IF(DATE(2017,MONTH(F3001),DAY(F3001))>TODAY(),2017-YEAR(F3001)-1,2017-YEAR(F3001)) -> 44 | O3001: =IF(ISNUMBER(M3001),(I3001-M3001)/M3001,0) -> 0.010238908

Sheet Calcul
A1: Grade | B1: G11 | E1: 1 | F1: Age Min | G1: Age Max | H1: Libellé | I1: H | J1: F
A2: Filière | B2: Technique | E2: 2 | F2: 21 | G2: 24 | H2: =F2& " à " &G2& " ans" -> 21 à 24 ans | I2: =COUNTIFS(Employé!$E$2:$E$3001,I$1,Employé!$N$2:$N$3001,">="&Calcul!$F2,Employé!$N$2:$N$3001,"<="&Calcul!$G2) -> 100 | J2: =COUNTIFS(Employé!$E$2:$E$3001,J$1,Employé!$N$2:$N$3001,">="&Calcul!$F2,Employé!$N$2:$N$3001,"<="&Calcul!$G2) -> 63
A3: Sexe | B3: F | E3: 3 | F3: 25 | G3: 28 | H3: =F3& " à " &G3& " ans" -> 25 à 28 ans | I3: =COUNTIFS(Employé!$E$2:$E$3001,I$1,Employé!$N$2:$N$3001,">="&Calcul!$F3,Employé!$N$2:$N$3001,"<="&Calcul!$G3) -> 257 | J3: =COUNTIFS(Employé!$E$2:$E$3001,J$1,Employé!$N$2:$N$3001,">="&Calcul!$F3,Employé!$N$2:$N$3001,"<="&Calcul!$G3) -> 122
A4: Méthode | B4: Somme des salaires | C4: Nombre d'employés | D4: Moyenne des salaires | E4: 4 | F4: 29 | G4: 32 | H4: =F4& " à " &G4& " ans" -> 29 à 32 ans | I4: =COUNTIFS(Employé!$E$2:$E$3001,I$1,Employé!$N$2:$N$3001,">="&Calcul!$F4,Employé!$N$2:$N$3001,"<="&Calcul!$G4) -> 269 | J4: =COUNTIFS(Employé!$E$2:$E$3001,J$1,Employé!$N$2:$N$3001,">="&Calcul!$F4,Employé!$N$2:$N$3001,"<="&Calcul!$G4) -> 153
A5: Formule conditionnelle | B5: =SUMIFS(Employé!I2:I3001,Employé!G2:G3001,B1,Employé!H2:H3001,B2,Employé!E2:E3001,B3) -> 731000 | C5: =COUNTIFS(Employé!G2:G3001,B1,Employé!H2:H3001,B2,Employé!E2:E3001,B3) -> 8 | D5: =B5/C5 -> 91375 | E5: 5 | F5: 33 | G5: 36 | H5: =F5& " à " &G5& " ans" -> 33 à 36 ans | I5: =COUNTIFS(Employé!$E$2:$E$3001,I$1,Employé!$N$2:$N$3001,">="&Calcul!$F5,Employé!$N$2:$N$3001,"<="&Calcul!$G5) -> 250 | J5: =COUNTIFS(Employé!$E$2:$E$3001,J$1,Employé!$N$2:$N$3001,">="&Calcul!$F5,Employé!$N$2:$N$3001,"<="&Calcul!$G5) -> 129
A6: Matrice | B6: {=SUM(Employé!I2:I3001*(Employé!G2:G3001=B1)*(Employé!H2:H3001=B2)*(Employé!E2:E3001=B3))} -> 731000 | C6: {=SUM((Employé!G2:G3001=B1)*(Employé!H2:H3001=B2)*(Employé!E2:E3001=B3))} -> 8 | D6: =B6/C6 -> 91375 | E6: 6 | F6: 37 | G6: 40 | H6: =F6& " à " &G6& " ans" -> 37 à 40 ans | I6: =COUNTIFS(Employé!$E$2:$E$3001,I$1,Employé!$N$2:$N$3001,">="&Calcul!$F6,Employé!$N$2:$N$3001,"<="&Calcul!$G6) -> 277 | J6: =COUNTIFS(Employé!$E$2:$E$3001,J$1,Employé!$N$2:$N$3001,">="&Calcul!$F6,Employé!$N$2:$N$3001,"<="&Calcul!$G6) -> 155
E7: 7 | F7: 41 | G7: 44 | H7: =F7& " à " &G7& " ans" -> 41 à 44 ans | I7: =COUNTIFS(Employé!$E$2:$E$3001,I$1,Employé!$N$2:$N$3001,">="&Calcul!$F7,Employé!$N$2:$N$3001,"<="&Calcul!$G7) -> 251 | J7: =COUNTIFS(Employé!$E$2:$E$3001,J$1,Employé!$N$2:$N$3001,">="&Calcul!$F7,Employé!$N$2:$N$3001,"<="&Calcul!$G7) -> 122
E8: 8 | F8: 45 | G8: 48 | H8: =F8& " à " &G8& " ans" -> 45 à 48 ans | I8: =COUNTIFS(Employé!$E$2:$E$3001,I$1,Employé!$N$2:$N$3001,">="&Calcul!$F8,Employé!$N$2:$N$3001,"<="&Calcul!$G8) -> 272 | J8: =COUNTIFS(Employé!$E$2:$E$3001,J$1,Employé!$N$2:$N$3001,">="&Calcul!$F8,Employé!$N$2:$N$3001,"<="&Calcul!$G8) -> 113
E9: 9 | F9: 49 | G9: 52 | H9: =F9& " à " &G9& " ans" -> 49 à 52 ans | I9: =COUNTIFS(Employé!$E$2:$E$3001,I$1,Employé!$N$2:$N$3001,">="&Calcul!$F9,Employé!$N$2:$N$3001,"<="&Calcul!$G9) -> 228 | J9: =COUNTIFS(Employé!$E$2:$E$3001,J$1,Employé!$N$2:$N$3001,">="&Calcul!$F9,Employé!$N$2:$N$3001,"<="&Calcul!$G9) -> 118
E10: 10 | F10: 53 | G10: 56 | H10: =F10& " à " &G10& " ans" -> 53 à 56 ans | I10: =COUNTIFS(Employé!$E$2:$E$3001,I$1,Employé!$N$2:$N$3001,">="&Calcul!$F10,Employé!$N$2:$N$3001,"<="&Calcul!$G10) -> 70 | J10: =COUNTIFS(Employé!$E$2:$E$3001,J$1,Employé!$N$2:$N$3001,">="&Calcul!$F10,Employé!$N$2:$N$3001,"<="&Calcul!$G10) -> 35
E11: 11 | F11: 57 | G11: 60 | H11: =F11& " à " &G11& " ans" -> 57 à 60 ans | I11: =COUNTIFS(Employé!$E$2:$E$3001,I$1,Employé!$N$2:$N$3001,">="&Calcul!$F11,Employé!$N$2:$N$3001,"<="&Calcul!$G11) -> 8 | J11: =COUNTIFS(Employé!$E$2:$E$3001,J$1,Employé!$N$2:$N$3001,">="&Calcul!$F11,Employé!$N$2:$N$3001,"<="&Calcul!$G11) -> 8

Sheet Calculs2
M2: Ancienneté | N2: NB employés | P2: Indicateur | Q2: Valeur
M3: < 5 ans | N3: =COUNTIF(Tableau1[Ancienneté],"<5") -> 1370 | P3: Age Max | Q3: =MAX(Tableau1[Age]) -> 58
M4: >= 5 ans et < 10 ans | N4: =COUNTIFS(Tableau1[Ancienneté],">=5",Tableau1[Ancienneté],"<10") -> 627 | P4: Age Min | Q4: =MIN(Tableau1[Age]) -> 23
M5: >= 10 ans et < 15 ans | N5: =COUNTIFS(Tableau1[Ancienneté],">=10",Tableau1[Ancienneté],"<15") -> 522 | P5: Agés de 23 ans | Q5: =COUNTIF(Tableau1[Age],23) -> 58
M6: > =15 ans | N6: =COUNTIF(Tableau1[Ancienneté],">=15") -> 481 | P6: Agés de 24 ans | Q6: =COUNTIF(Tableau1[Age],24) -> 105
M7: Total | N7: =SUBTOTAL(109,Tableau2[NB employés]) -> 3000 | P7: Le plus vieux | Q7: =MIN(Tableau1[Date de naissance]) -> 21656
P8: Le plus jeune | Q8: =MAX(Tableau1[Date de naissance]) -> 34410
P9: les plus anciens | Q9: =MAX(Tableau1[Ancienneté]) -> 29
B10: Sexe | C10: NB | D10: Brut annuel | E10: Moyenne | P10: Ancienneté moyenne | Q10: =ROUND(AVERAGE(Tableau1[Ancienneté]),2)&" ans" -> 7,32 ans
B11: F | C11: 8 | D11: 731000 | E11: 91375
B12: H | C12: 17 | D12: 1531500 | E12: 90088.235
B13: Total général | C13: 25 | D13: 2262500 | E13: 90500

Sheet EmployéN-1
A1: ID MOI | B1: ID | C1: Prénom | D1: Nom | E1: Sexe | F1: Date de naissance | G1: Grade | H1: Filière | I1: Salaire Brut annuel | J1: Ancienneté
A2: =_xlfn.CONCAT(LEFT(C2,3),LEFT(D2,2),F2) -> DexAb30865 | B2: =_xlfn.CONCAT(C2,D2,F2) -> DexterAbbott30865 | C2: Dexter | D2: Abbott | E2: H | F2: 30865 | G2: G9 | H2: Business | I2: 67500 | J2: 8
A3: =_xlfn.CONCAT(LEFT(C3,3),LEFT(D3,2),F3) -> RobAb26030 | B3: =_xlfn.CONCAT(C3,D3,F3) -> RobertAbernethy26030 | C3: Robert | D3: Abernethy | E3: H | F3: 26030 | G3: G8 | H3: Fonctions transverses | I3: 68400 | J3: 18
A4: =_xlfn.CONCAT(LEFT(C4,3),LEFT(D4,2),F4) -> GreAb33548 | B4: =_xlfn.CONCAT(C4,D4,F4) -> GregoryAbrams33548 | C4: Gregory | D4: Abrams | E4: H | F4: 33548 | G4: G4 | H4: Fonctions transverses | I4: 30200 | J4: 2
A5: =_xlfn.CONCAT(LEFT(C5,3),LEFT(D5,2),F5) -> AndAc25170 | B5: =_xlfn.CONCAT(C5,D5,F5) -> AndrewAceves25170 | C5: Andrew | D5: Aceves | E5: H | F5: 25170 | G5: G9 | H5: Business | I5: 96300 | J5: 20
A6: =_xlfn.CONCAT(LEFT(C6,3),LEFT(D6,2),F6) -> DixAc34359 | B6: =_xlfn.CONCAT(C6,D6,F6) -> DixieAcker34359 | C6: Dixie | D6: Acker | E6: F | F6: 34359 | G6: G2 | H6: Business | I6: 37800 | J6: 0
A7: =_xlfn.CONCAT(LEFT(C7,3),LEFT(D7,2),F7) -> MikAc28825 | B7: =_xlfn.CONCAT(C7,D7,F7) -> MikeAcker28825 | C7: Mike | D7: Acker | E7: H | F7: 28825 | G7: G6 | H7: Business | I7: 51500 | J7: 2
A8: =_xlfn.CONCAT(LEFT(C8,3),LEFT(D8,2),F8) -> BruAc27579 | B8: =_xlfn.CONCAT(C8,D8,F8) -> BruceAcosta27579 | C8: Bruce | D8: Acosta | E8: H | F8: 27579 | G8: G6 | H8: Fonctionnel | I8: 54300 | J8: 0
A9: =_xlfn.CONCAT(LEFT(C9,3),LEFT(D9,2),F9) -> JohAd28781 | B9: =_xlfn.CONCAT(C9,D9,F9) -> JohnAdair28781 | C9: John | D9: Adair | E9: H | F9: 28781 | G9: G9 | H9: Fonctions transverses | I9: 70800 | J9: 4
A10: =_xlfn.CONCAT(LEFT(C10,3),LEFT(D10,2),F10) -> BenAd31542 | B10: =_xlfn.CONCAT(C10,D10,F10) -> BenjaminAdams31542 | C10: Benjamin | D10: Adams | E10: H | F10: 31542 | G10: G5 | H10: Fonctionnel | I10: 48700 | J10: 4
A11: =_xlfn.CONCAT(LEFT(C11,3),LEFT(D11,2),F11) -> DanAd29528 | B11: =_xlfn.CONCAT(C11,D11,F11) -> DanielAdams29528 | C11: Daniel | D11: Adams | E11: H | F11: 29528 | G11: G5 | H11: Technique | I11: 39600 | J11: 11
A12: =_xlfn.CONCAT(LEFT(C12,3),LEFT(D12,2),F12) -> DebAd32242 | B12: =_xlfn.CONCAT(C12,D12,F12) -> DeborahAdams32242 | C12: Deborah | D12: Adams | E12: F | F12: 32242 | G12: G5 | H12: Technique | I12: 35200 | J12: 6
A13: =_xlfn.CONCAT(LEFT(C13,3),LEFT(D13,2),F13) -> LinAd23329 | B13: =_xlfn.CONCAT(C13,D13,F13) -> LindaAdams23329 | C13: Linda | D13: Adams | E13: F | F13: 23329 | G13: G11 | H13: Fonctionnel | I13: 89200 | J13: 8
... A94: =_xlfn.CONCAT(LEFT(C94,3),LEFT(D94,2),F94) -> VerAt31851 | B94: =_xlfn.CONCAT(C94,D94,F94) -> VernonAtencio31851 | C94: Vernon | D94: Atencio | E94: H | F94: 31851 | G94: G6 | H94: Fonctionnel | I94: 49400 | J94: 2
A95: =_xlfn.CONCAT(LEFT(C95,3),LEFT(D95,2),F95) -> AndAt33624 | B95: =_xlfn.CONCAT(C95,D95,F95) -> AndreaAtkins33624 | C95: Andrea | D95: Atkins | E95: F | F95: 33624 | G95: #N/A | H95: Business | I95: 30800 | J95: 2
A96: =_xlfn.CONCAT(LEFT(C96,3),LEFT(D96,2),F96) -> JosAt33786 | B96: =_xlfn.CONCAT(C96,D96,F96) -> JosephineAtkins33786 | C96: Josephine | D96: Atkins | E96: F | F96: 33786 | G96: G2 | H96: Fonctionnel | I96: 37000 | J96: 0
A97: =_xlfn.CONCAT(LEFT(C97,3),LEFT(D97,2),F97) -> BryAu23793 | B97: =_xlfn.CONCAT(C97,D97,F97) -> BryanAugust23793 | C97: Bryan | D97: August | E97: H | F97: 23793 | G97: G11 | H97: Technique | I97: 78500 | J97: 13
A98: =_xlfn.CONCAT(LEFT(C98,3),LEFT(D98,2),F98) -> RobAu25767 | B98: =_xlfn.CONCAT(C98,D98,F98) -> RobinAumiller25767 | C98: Robin | D98: Aumiller | E98: F | F98: 25767 | G98: G9 | H98: Technique | I98: 74100 | J98: 0
A99: =_xlfn.CONCAT(LEFT(C99,3),LEFT(D99,2),F99) -> AntAu23784 | B99: =_xlfn.CONCAT(C99,D99,F99) -> AntonioAustin23784 | C99: Antonio | D99: Austin | E99: H | F99: 23784 | G99: G10 | H99: Business | I99: 89200 | J99: 23
A100: =_xlfn.CONCAT(LEFT(C100,3),LEFT(D100,2),F100) -> RicAu25432 | B100: =_xlfn.CONCAT(C100,D100,F100) -> RickAustin25432 | C100: Rick | D100: Austin | E100: H | F100: 25432 | G100: G9 | H100: Technique | I100: 58900 | J100: 17
A101: =_xlfn.CONCAT(LEFT(C101,3),LEFT(D101,2),F101) -> GeoAv25980 | B101: =_xlfn.CONCAT(C101,D101,F101) -> GeorgeAverett25980 | C101: George | D101: Averett | E101: H | F101: 25980 | G101: G9 | H101: Fonctionnel | I101: 75900 | J101: 8
A102: =_xlfn.CONCAT(LEFT(C102,3),LEFT(D102,2),F102) -> RicBa23897 | B102: =_xlfn.CONCAT(C102,D102,F102) -> RickBacchus23897 | C102: Rick | D102: Bacchus | E102: H | F102: 23897 | G102: G7 | H102: Technique | I102: 50400 | J102: 15
A103: =_xlfn.CONCAT(LEFT(C103,3),LEFT(D103,2),F103) -> AndBa33027 | B103: =_xlfn.CONCAT(C103,D103,F103) -> AndreaBacklund33027 | C103: Andrea | D103: Backlund | E103: F | F103: 33027 | G103: G1 | H103: Business | I103: 32400 | J103: 0
A104: =_xlfn.CONCAT(LEFT(C104,3),LEFT(D104,2),F104) -> ShaBa33488 | B104: =_xlfn.CONCAT(C104,D104,F104) -> ShaBaeza33488 | C104: Sha | D104: Baeza | E104: F | F104: 33488 | G104: G4 | H104: Business | I104: 46400 | J104: 3
A105: =_xlfn.CONCAT(LEFT(C105,3),LEFT(D105,2),F105) -> JerBa32786 | B105: =_xlfn.CONCAT(C105,D105,F105) -> JeremyBaggett32786 | C105: Jeremy | D105: Baggett | E105: H | F105: 32786 | G105: G5 | H105: Fonctionnel | I105: 39200 | J105: 2
A106: =_xlfn.CONCAT(LEFT(C106,3),LEFT(D106,2),F106) -> LewBa30366 | B106: =_xlfn.CONCAT(C106,D106,F106) -> LewisBagley30366 | C106: Lewis | D106: Bagley | E106: H | F106: 30366 | G106: G7 | H106: Fonctionnel | I106: 59200 | J106: 4
A107: =_xlfn.CONCAT(LEFT(C107,3),LEFT(D107,2),F107) -> ChrBa31817 | B107: =_xlfn.CONCAT(C107,D107,F107) -> ChristopherBailey31817 | C107: Christopher | D107: Bailey | E107: H | F107: 31817 | G107: G5 | H107: Business | I107: 52000 | J107: 4
... A563: =_xlfn.CONCAT(LEFT(C563,3),LEFT(D563,2),F563) -> SteCo28126 | B563: =_xlfn.CONCAT(C563,D563,F563) -> SteveCozad28126 | C563: Steve | D563: Cozad | E563: H | F563: 28126 | G563: G7 | H563: Fonctions transverses | I563: 38000 | J563: 4
A564: =_xlfn.CONCAT(LEFT(C564,3),LEFT(D564,2),F564) -> JanCr34116 | B564: =_xlfn.CONCAT(C564,D564,F564) -> JanetCrabtree34116 | C564: Janet | D564: Crabtree | E564: F | F564: 34116 | G564: #N/A | H564: Business | I564: 29900 | J564: 0
A565: =_xlfn.CONCAT(LEFT(C565,3),LEFT(D565,2),F565) -> NaoCr25760 | B565: =_xlfn.CONCAT(C565,D565,F565) -> NaomiCraddock25760 | C565: Naomi | D565: Craddock | E565: F | F565: 25760 | G565: G10 | H565: Business | I565: 89800 | J565: 3
A566: =_xlfn.CONCAT(LEFT(C566,3),LEFT(D566,2),F566) -> BerCr27928 | B566: =_xlfn.CONCAT(C566,D566,F566) -> BerniceCrader27928 | C566: Bernice | D566: Crader | E566: F | F566: 27928 | G566: G9 | H566: Fonctions transverses | I566: 82500 | J566: 5
A567: =_xlfn.CONCAT(LEFT(C567,3),LEFT(D567,2),F567) -> JohCr23530 | B567: =_xlfn.CONCAT(C567,D567,F567) -> JohnCraig23530 | C567: John | D567: Craig | E567: H | F567: 23530 | G567: G10 | H567: Technique | I567: 80800 | J567: 24
A568: =_xlfn.CONCAT(LEFT(C568,3),LEFT(D568,2),F568) -> ChaCr30440 | B568: =_xlfn.CONCAT(C568,D568,F568) -> CharlesCramer30440 | C568: Charles | D568: Cramer | E568: H | F568: 30440 | G568: G6 | H568: Technique | I568: 50300 | J568: 4
A569: =_xlfn.CONCAT(LEFT(C569,3),LEFT(D569,2),F569) -> WilCr28980 | B569: =_xlfn.CONCAT(C569,D569,F569) -> WilliamCramer28980 | C569: William | D569: Cramer | E569: H | F569: 28980 | G569: G8 | H569: Fonctions transverses | I569: 55200 | J569: 4
A570: =_xlfn.CONCAT(LEFT(C570,3),LEFT(D570,2),F570) -> EveCr30444 | B570: =_xlfn.CONCAT(C570,D570,F570) -> EvelynCraver30444 | C570: Evelyn | D570: Craver | E570: F | F570: 30444 | G570: G10 | H570: Technique | I570: 70800 | J570: 9
A571: =_xlfn.CONCAT(LEFT(C571,3),LEFT(D571,2),F571) -> JosCr33005 | B571: =_xlfn.CONCAT(C571,D571,F571) -> JosephCrawford33005 | C571: Joseph | D571: Crawford | E571: H | F571: 33005 | G571: G3 | H571: Technique | I571: 35200 | J571: 0
A572: =_xlfn.CONCAT(LEFT(C572,3),LEFT(D572,2),F572) -> LetCr25382 | B572: =_xlfn.CONCAT(C572,D572,F572) -> LetaCrawford25382 | C572: Leta | D572: Crawford | E572: F | F572: 25382 | G572: G10 | H572: Technique | I572: 61200 | J572: 22
A573: =_xlfn.CONCAT(LEFT(C573,3),LEFT(D573,2),F573) -> HenCr26310 | B573: =_xlfn.CONCAT(C573,D573,F573) -> HenriettaCrawley26310 | C573: Henrietta | D573: Crawley | E573: F | F573: 26310 | G573: G9 | H573: Fonctionnel | I573: 58600 | J573: 13
A574: =_xlfn.CONCAT(LEFT(C574,3),LEFT(D574,2),F574) -> TreCr28453 | B574: =_xlfn.CONCAT(C574,D574,F574) -> TreyCree28453 | C574: Trey | D574: Cree | E574: H | F574: 28453 | G574: G5 | H574: Business | I574: 64000 | J574: 6
A575: =_xlfn.CONCAT(LEFT(C575,3),LEFT(D575,2),F575) -> ChaCr31280 | B575: =_xlfn.CONCAT(C575,D575,F575) -> CharlesCreech31280 | C575: Charles | D575: Creech | E575: H | F575: 31280 | G575: G2 | H575: Technique | I575: 32600 | J575: 1
A576: =_xlfn.CONCAT(LEFT(C576,3),LEFT(D576,2),F576) -> RayCr28743 | B576: =_xlfn.CONCAT(C576,D576,F576) -> RaymondCrews28743 | C576: Raymond | D576: Crews | E576: H | F576: 28743 | G576: G10 | H576: Fonctions transverses | I576: 103000 | J576: 6
... A1031: =_xlfn.CONCAT(LEFT(C1031,3),LEFT(D1031,2),F1031) -> JarGu26317 | B1031: =_xlfn.CONCAT(C1031,D1031,F1031) -> JarredGuerrero26317 | C1031: Jarred | D1031: Guerrero | E1031: H | F1031: 26317 | G1031: G7 | H1031: Technique | I1031: 38700 | J1031: 3
A1032: =_xlfn.CONCAT(LEFT(C1032,3),LEFT(D1032,2),F1032) -> NorGu33352 | B1032: =_xlfn.CONCAT(C1032,D1032,F1032) -> NoraGuerrero33352 | C1032: Nora | D1032: Guerrero | E1032: F | F1032: 33352 | G1032: #N/A | H1032: Business | I1032: 31600 | J1032: 2
A1033: =_xlfn.CONCAT(LEFT(C1033,3),LEFT(D1033,2),F1033) -> RyaGu28746 | B1033: =_xlfn.CONCAT(C1033,D1033,F1033) -> RyanGuerrero28746 | C1033: Ryan | D1033: Guerrero | E1033: H | F1033: 28746 | G1033: G8 | H1033: Technique | I1033: 45800 | J1033: 7
A1034: =_xlfn.CONCAT(LEFT(C1034,3),LEFT(D1034,2),F1034) -> KelGu32251 | B1034: =_xlfn.CONCAT(C1034,D1034,F1034) -> KellieGuidry32251 | C1034: Kellie | D1034: Guidry | E1034: F | F1034: 32251 | G1034: G6 | H1034: Fonctions transverses | I1034: 35600 | J1034: 3
A1035: =_xlfn.CONCAT(LEFT(C1035,3),LEFT(D1035,2),F1035) -> HenGu33977 | B1035: =_xlfn.CONCAT(C1035,D1035,F1035) -> HenriettaGusman33977 | C1035: Henrietta | D1035: Gusman | E1035: F | F1035: 33977 | G1035: G1 | H1035: Business | I1035: 32300 | J1035: 1
A1036: =_xlfn.CONCAT(LEFT(C1036,3),LEFT(D1036,2),F1036) -> JenGu29405 | B1036: =_xlfn.CONCAT(C1036,D1036,F1036) -> JennieGuthrie29405 | C1036: Jennie | D1036: Guthrie | E1036: F | F1036: 29405 | G1036: G9 | H1036: Fonctions transverses | I1036: 71200 | J1036: 5
A1037: =_xlfn.CONCAT(LEFT(C1037,3),LEFT(D1037,2),F1037) -> AnnGu31518 | B1037: =_xlfn.CONCAT(C1037,D1037,F1037) -> AnnGutierrez31518 | C1037: Ann | D1037: Gutierrez | E1037: F | F1037: 31518 | G1037: G3 | H1037: Technique | I1037: 31800 | J1037: 2
A1038: =_xlfn.CONCAT(LEFT(C1038,3),LEFT(D1038,2),F1038) -> BonGu26096 | B1038: =_xlfn.CONCAT(C1038,D1038,F1038) -> BonnieGutierrez26096 | C1038: Bonnie | D1038: Gutierrez | E1038: F | F1038: 26096 | G1038: G9 | H1038: Fonctionnel | I1038: 73500 | J1038: 7
A1039: =_xlfn.CONCAT(LEFT(C1039,3),LEFT(D1039,2),F1039) -> DonGu32273 | B1039: =_xlfn.CONCAT(C1039,D1039,F1039) -> DonnaGutierrez32273 | C1039: Donna | D1039: Gutierrez | E1039: F | F1039: 32273 | G1039: G5 | H1039: Fonctions transverses | I1039: 29600 | J1039: 1
A1040: =_xlfn.CONCAT(LEFT(C1040,3),LEFT(D1040,2),F1040) -> EugGu31170 | B1040: =_xlfn.CONCAT(C1040,D1040,F1040) -> EugeneGutierrez31170 | C1040: Eugene | D1040: Gutierrez | E1040: H | F1040: 31170 | G1040: G4 | H1040: Technique | I1040: 39700 | J1040: 1
A1041: =_xlfn.CONCAT(LEFT(C1041,3),LEFT(D1041,2),F1041) -> SteGu28638 | B1041: =_xlfn.CONCAT(C1041,D1041,F1041) -> StevenGutierrez28638 | C1041: Steven | D1041: Gutierrez | E1041: H | F1041: 28638 | G1041: G10 | H1041: Business | I1041: 84700 | J1041: 0
A1042: =_xlfn.CONCAT(LEFT(C1042,3),LEFT(D1042,2),F1042) -> AbeGu33795 | B1042: =_xlfn.CONCAT(C1042,D1042,F1042) -> AbelGuzman33795 | C1042: Abel | D1042: Guzman | E1042: H | F1042: 33795 | G1042: G2 | H1042: Technique | I1042: 30800 | J1042: 0
A1043: =_xlfn.CONCAT(LEFT(C1043,3),LEFT(D1043,2),F1043) -> JamGu31118 | B1043: =_xlfn.CONCAT(C1043,D1043,F1043) -> JamesGuzman31118 | C1043: James | D1043: Guzman | E1043: H | F1043: 31118 | G1043: G7 | H1043: Fonctionnel | I1043: 54000 | J1043: 0
A1044: =_xlfn.CONCAT(LEFT(C1044,3),LEFT(D1044,2),F1044) -> AmyHa30222 | B1044: =_xlfn.CONCAT(C1044,D1044,F1044) -> AmyHacker30222 | C1044: Amy | D1044: Hacker | E1044: F | F1044: 30222 | G1044: G8 | H1044: Business | I1044: 72200 | J1044: 10
... A1649: =_xlfn.CONCAT(LEFT(C1649,3),LEFT(D1649,2),F1649) -> PedMa27652 | B1649: =_xlfn.CONCAT(C1649,D1649,F1649) -> PedroMartin27652 | C1649: Pedro | D1649: Martin | E1649: H | F1649: 27652 | G1649: G8 | H1649: Fonctionnel | I1649: 45900 | J1649: 9
A1650: =_xlfn.CONCAT(LEFT(C1650,3),LEFT(D1650,2),F1650) -> SonMa33519 | B1650: =_xlfn.CONCAT(C1650,D1650,F1650) -> SonjaMartin33519 | C1650: Sonja | D1650: Martin | E1650: F | F1650: 33519 | G1650: #N/A | H1650: Technique | I1650: 24100 | J1650: 2
A1651: =_xlfn.CONCAT(LEFT(C1651,3),LEFT(D1651,2),F1651) -> SusMa31995 | B1651: =_xlfn.CONCAT(C1651,D1651,F1651) -> SusanMartin31995 | C1651: Susan | D1651: Martin | E1651: F | F1651: 31995 | G1651: G4 | H1651: Business | I1651: 45400 | J1651: 0
A1652: =_xlfn.CONCAT(LEFT(C1652,3),LEFT(D1652,2),F1652) -> ChaMa25172 | B1652: =_xlfn.CONCAT(C1652,D1652,F1652) -> CharlesMartinez25172 | C1652: Charles | D1652: Martinez | E1652: H | F1652: 25172 | G1652: G6 | H1652: Fonctions transverses | I1652: 45600 | J1652: 0
A1653: =_xlfn.CONCAT(LEFT(C1653,3),LEFT(D1653,2),F1653) -> ChaMa25172 | B1653: =_xlfn.CONCAT(C1653,D1653,F1653) -> CharlesMartinez25172 | C1653: Charles | D1653: Martinez | E1653: H | F1653: 25172 | G1653: G8 | H1653: Business | I1653: 57000 | J1653: 5
A1654: =_xlfn.CONCAT(LEFT(C1654,3),LEFT(D1654,2),F1654) -> FreMa25162 | B1654: =_xlfn.CONCAT(C1654,D1654,F1654) -> FrederickMartinez25162 | C1654: Frederick | D1654: Martinez | E1654: H | F1654: 25162 | G1654: G9 | H1654: Fonctions transverses | I1654: 67000 | J1654: 3
A1655: =_xlfn.CONCAT(LEFT(C1655,3),LEFT(D1655,2),F1655) -> JamMa24881 | B1655: =_xlfn.CONCAT(C1655,D1655,F1655) -> JamesMartinez24881 | C1655: James | D1655: Martinez | E1655: H | F1655: 24881 | G1655: G10 | H1655: Business | I1655: 132500 | J1655: 4
A1656: =_xlfn.CONCAT(LEFT(C1656,3),LEFT(D1656,2),F1656) -> LorMa25980 | B1656: =_xlfn.CONCAT(C1656,D1656,F1656) -> LorraineMartinez25980 | C1656: Lorraine | D1656: Martinez | E1656: F | F1656: 25980 | G1656: G10 | H1656: Business | I1656: 75100 | J1656: 18
A1657: =_xlfn.CONCAT(LEFT(C1657,3),LEFT(D1657,2),F1657) -> RogMa25583 | B1657: =_xlfn.CONCAT(C1657,D1657,F1657) -> RogerMartinez25583 | C1657: Roger | D1657: Martinez | E1657: H | F1657: 25583 | G1657: G9 | H1657: Technique | I1657: 54800 | J1657: 21
A1658: =_xlfn.CONCAT(LEFT(C1658,3),LEFT(D1658,2),F1658) -> WilMa26621 | B1658: =_xlfn.CONCAT(C1658,D1658,F1658) -> WilliamMason26621 | C1658: William | D1658: Mason | E1658: H | F1658: 26621 | G1658: G9 | H1658: Technique | I1658: 79400 | J1658: 20
A1659: =_xlfn.CONCAT(LEFT(C1659,3),LEFT(D1659,2),F1659) -> RodMa29459 | B1659: =_xlfn.CONCAT(C1659,D1659,F1659) -> RodneyMassengale29459 | C1659: Rodney | D1659: Massengale | E1659: H | F1659: 29459 | G1659: G9 | H1659: Technique | I1659: 54500 | J1659: 5
A1660: =_xlfn.CONCAT(LEFT(C1660,3),LEFT(D1660,2),F1660) -> BriMa24940 | B1660: =_xlfn.CONCAT(C1660,D1660,F1660) -> BrianMassey24940 | C1660: Brian | D1660: Massey | E1660: H | F1660: 24940 | G1660: G9 | H1660: Technique | I1660: 44600 | J1660: 3
A1661: =_xlfn.CONCAT(LEFT(C1661,3),LEFT(D1661,2),F1661) -> AbiMa28584 | B1661: =_xlfn.CONCAT(C1661,D1661,F1661) -> AbigailMata28584 | C1661: Abigail | D1661: Mata | E1661: F | F1661: 28584 | G1661: G7 | H1661: Technique | I1661: 46900 | J1661: 14
A1662: =_xlfn.CONCAT(LEFT(C1662,3),LEFT(D1662,2),F1662) -> JenMa29648 | B1662: =_xlfn.CONCAT(C1662,D1662,F1662) -> JenniferMata29648 | C1662: Jennifer | D1662: Mata | E1662: F | F1662: 29648 | G1662: G9 | H1662: Fonctionnel | I1662: 71800 | J1662: 9
... A2870: =_xlfn.CONCAT(LEFT(C2870,3),LEFT(D2870,2),F2870) -> HowWi27902 | B2870: =_xlfn.CONCAT(C2870,D2870,F2870) -> HowardWiener27902 | C2870: Howard | D2870: Wiener | E2870: H | F2870: 27902 | G2870: G7 | H2870: Business | I2870: 49500 | J2870: 8
A2871: =_xlfn.CONCAT(LEFT(C2871,3),LEFT(D2871,2),F2871) -> AllWi33486 | B2871: =_xlfn.CONCAT(C2871,D2871,F2871) -> AllenWilder33486 | C2871: Allen | D2871: Wilder | E2871: H | F2871: 33486 | G2871: #N/A | H2871: Fonctionnel | I2871: 27200 | J2871: 0
A2872: =_xlfn.CONCAT(LEFT(C2872,3),LEFT(D2872,2),F2872) -> LeoWi30586 | B2872: =_xlfn.CONCAT(C2872,D2872,F2872) -> LeonWiley30586 | C2872: Leon | D2872: Wiley | E2872: H | F2872: 30586 | G2872: G6 | H2872: Fonctionnel | I2872: 55600 | J2872: 1
A2873: =_xlfn.CONCAT(LEFT(C2873,3),LEFT(D2873,2),F2873) -> LeoWi31854 | B2873: =_xlfn.CONCAT(C2873,D2873,F2873) -> LeonardWiley31854 | C2873: Leonard | D2873: Wiley | E2873: H | F2873: 31854 | G2873: G5 | H2873: Technique | I2873: 33200 | J2873: 4
A2874: =_xlfn.CONCAT(LEFT(C2874,3),LEFT(D2874,2),F2874) -> LorWi32079 | B2874: =_xlfn.CONCAT(C2874,D2874,F2874) -> LoriWiley32079 | C2874: Lori | D2874: Wiley | E2874: F | F2874: 32079 | G2874: G5 | H2874: Technique | I2874: 35700 | J2874: 3
A2875: =_xlfn.CONCAT(LEFT(C2875,3),LEFT(D2875,2),F2875) -> RanWi30328 | B2875: =_xlfn.CONCAT(C2875,D2875,F2875) -> RandyWiley30328 | C2875: Randy | D2875: Wiley | E2875: H | F2875: 30328 | G2875: G8 | H2875: Fonctionnel | I2875: 65000 | J2875: 1
A2876: =_xlfn.CONCAT(LEFT(C2876,3),LEFT(D2876,2),F2876) -> AmbWi26954 | B2876: =_xlfn.CONCAT(C2876,D2876,F2876) -> AmberWilkerson26954 | C2876: Amber | D2876: Wilkerson | E2876: F | F2876: 26954 | G2876: G6 | H2876: Fonctionnel | I2876: 57800 | J2876: 15
A2877: =_xlfn.CONCAT(LEFT(C2877,3),LEFT(D2877,2),F2877) -> JanWi24769 | B2877: =_xlfn.CONCAT(C2877,D2877,F2877) -> JanetWilkerson24769 | C2877: Janet | D2877: Wilkerson | E2877: F | F2877: 24769 | G2877: G6 | H2877: Fonctionnel | I2877: 63000 | J2877: 8
A2878: =_xlfn.CONCAT(LEFT(C2878,3),LEFT(D2878,2),F2878) -> PauWi29764 | B2878: =_xlfn.CONCAT(C2878,D2878,F2878) -> PaulWilkerson29764 | C2878: Paul | D2878: Wilkerson | E2878: H | F2878: 29764 | G2878: G8 | H2878: Business | I2878: 85700 | J2878: 3
A2879: =_xlfn.CONCAT(LEFT(C2879,3),LEFT(D2879,2),F2879) -> DavWi26485 | B2879: =_xlfn.CONCAT(C2879,D2879,F2879) -> DavidWilkins26485 | C2879: David | D2879: Wilkins | E2879: H | F2879: 26485 | G2879: G6 | H2879: Fonctionnel | I2879: 51500 | J2879: 6
A2880: =_xlfn.CONCAT(LEFT(C2880,3),LEFT(D2880,2),F2880) -> DouWi24791 | B2880: =_xlfn.CONCAT(C2880,D2880,F2880) -> DouglasWill24791 | C2880: Douglas | D2880: Will | E2880: H | F2880: 24791 | G2880: G8 | H2880: Technique | I2880: 44700 | J2880: 4
A2881: =_xlfn.CONCAT(LEFT(C2881,3),LEFT(D2881,2),F2881) -> RicWi33145 | B2881: =_xlfn.CONCAT(C2881,D2881,F2881) -> RickyWillard33145 | C2881: Ricky | D2881: Willard | E2881: H | F2881: 33145 | G2881: G3 | H2881: Fonctionnel | I2881: 39900 | J2881: 0
A2882: =_xlfn.CONCAT(LEFT(C2882,3),LEFT(D2882,2),F2882) -> CodWi26133 | B2882: =_xlfn.CONCAT(C2882,D2882,F2882) -> CodyWilliam26133 | C2882: Cody | D2882: William | E2882: H | F2882: 26133 | G2882: G10 | H2882: Technique | I2882: 67300 | J2882: 17
A2883: =_xlfn.CONCAT(LEFT(C2883,3),LEFT(D2883,2),F2883) -> StaWi31128 | B2883: =_xlfn.CONCAT(C2883,D2883,F2883) -> StaceyWilliam31128 | C2883: Stacey | D2883: William | E2883: F | F2883: 31128 | G2883: G4 | H2883: Technique | I2883: 34300 | J2883: 2
... A3001: =_xlfn.CONCAT(LEFT(C3001,3),LEFT(D3001,2),F3001) -> DonZi26582 | B3001: =_xlfn.CONCAT(C3001,D3001,F3001) -> DonaldZimmerman26582 | C3001: Donald | D3001: Zimmerman | E3001: H | F3001: 26582 | G3001: G8 | H3001: Business | I3001: 58600 | J3001: 9

Sheet Filières
A1: Grade | B1: Technique | C1: Fonctionnel | D1: Fonctions transverses | E1: Business
A2: G1 | B2: Développeur novice | C2: Analyste débutant | D2: Agent | E2: Apprenti business
A3: G2 | B3: Développeur junior | C3: Analyste junior | D3: Agent confirmé | E3: Consultant business junior
A4: G3 | B4: Développeur | C4: Analyste | D4: Agent opérationnel | E4: Consultant business junior
A5: G4 | B5: Développeur confirmé | C5: Analyste confirmé | D5: Agent expérimenté | E5: Consultant business junior
A6: G5 | B6: Consultant technique junior | C6: Consultant fonctionnel junior | D6: Assistant agent de maîtrise | E6: Consultant business
A7: G6 | B7: Consultant technique | C7: Consultant fonctionnel | D7: Agent de maîtrise | E7: Consultant business confirmé
A8: G7 | B8: Consultant technique sénior | C8: Consultant fonctionnel sénior | D8: Directeur des agents de maîtrise | E8: Consultant business sénior
A9: G8 | B9: Expert technique | C9: Chef de projet | D9: Responsable d'entité | E9: Responsable de consultant
A10: G9 | B10: Directeur technique | C10: Directeur de projet | D10: Directeur d'agence | E10: Directeur business
A11: G10 | B11: Responsable technique Grands Comptes | C11: Responsable de Grands comptes | D11: Responsable d'un secteur | E11: Responsable secteur business
A12: G11 | B12: Associé filière technique | C12: Associé filière fonctionnelle | D12: Associé filière fonctions transverses | E12: Associé filière business
A13: G12 | B13: Chef filière technique | C13: Chef filière fonctionnelle | D13: Chef filière fonctions transverses | E13: Chef business
A17: H
A18: F
